 Dungeon Crawl Stone Soup version 0.27.1-1-g398f81649c (webtiles) character file.

Game seed: 17512569419545019132

11364 Borgoz the Fighter (level 11, -10/105 HPs)
             Began as a Ghoul Monk on Sept 19, 2021.
             Was a High Priest of Okawaru.
             Mangled by a two-headed ogre (25 damage)
             ... on level 10 of the Dungeon.
             The game lasted 00:15:28 (13308 turns).

Borgoz the Fighter (Ghoul Monk)                    Turns: 13308, Time: 00:15:29

Health: -10/105    AC: 12    Str: 16    XL:     11   Next: 76%
Magic:  14/14      EV: 18    Int:  5    God:    Okawaru [*****.]
Gold:   1496       SH:  5    Dex: 14    Spells: 10/10 levels left

rFire    + . .     SeeInvis +     - Unarmed
rCold    + . .     Faith    .   (no shield)
rNeg     + + +     Spirit   .   r - +5 steam dragon scales
rPois    ∞         Reflect  +   (no helmet)
rElec    .         Harm     +   h - scarf {harm}
rCorr    .         Rampage  .   (no gloves)
Will     .....                  (no boots)
Stlth    +++++.....             c - amulet of reflection
HPRegen  0.00/turn              k - ring of protection from fire
MPRegen  0.14/turn              j - ring of see invisible

@: heroic, inhibited regen, studying Fighting
A: claws 1, cold resistance 1, negative energy resistance 3, inhibited
regeneration, torment resistance 2
a: Renounce Religion, Heroism, Finesse


You were on level 10 of the Dungeon.
You worshipped Okawaru.
Okawaru was extremely pleased with you.
You visited 2 branches of the dungeon, and saw 11 of its levels.
You also visited: Ossuary.

You collected 1496 gold pieces.

Inventory:

Armour
 h - a scarf of harm (worn)
 r - +5 steam dragon scales (worn)
Jewellery
 c - an amulet of reflection (around neck)
 j - a ring of see invisible (right claw)
 k - a ring of protection from fire (left claw)
 l - a ring of protection from cold
Wands
 f - a wand of flame (13)
 m - a wand of paralysis (7)
 n - a wand of digging (5)
Scrolls
 a - 2 scrolls of amnesia
 s - a scroll of teleportation
 t - a scroll of fear
 v - a scroll of magic mapping
Potions
 b - 2 potions of heal wounds
 d - a potion of brilliance
 e - 7 potions of curing
 i - 2 potions of resistance
 o - 2 potions of flight
 p - a potion of attraction
 q - 2 potions of might


   Skills:
 + Level 12.3(17.3) Fighting
 + Level 7.3(12.3) Armour
 + Level 8.1(13.1) Dodging
 - Level 8.1(13.1) Stealth
 + Level 9.6(14.6) Unarmed Combat
 + Level 5.4 Invocations


You had 10 spell levels left.
You didn't know any spells.
Your spell library contained the following spells:

 Spells                   Type           Power      Damage    Failure   Level
 Corpse Rot               Necr/Air       N/A        N/A       63%         2
 Stone Arrow              Conj/Erth      0%         3d7       85%         3
 Cause Fear               Hex            0%         N/A       99%         4
 Dispel Undead            Necr           0%         3d6       99%         4
 Metabolic Englaciation   Hex/Ice        0%         N/A       100%        5
 Death Channel            Necr           0%         N/A       100%        6


Dungeon Overview and Level Annotations

Branches:
Dungeon (10/15)            Temple (1/1) D:6            Lair (0/6) D:9
Ossuary (visited)
    Orc: D:9-12

Altars:
Ashenzari
Cheibriados
Dithmenos
Elyvilon
Fedhas
Gozag
Hepliaklqana
Kikubaaqudgha
Makhleb
Nemelex Xobeh
Okawaru
Qazlal
Ru
Sif Muna
Trog
Uskayaw
Vehumet
Wu Jian
Xom
Yredelemnul
Zin
The Shining One

Shops:
D:8 *

Annotations:
D:6 2 transporters


Innate Abilities, Weirdness & Mutations

You thrive by killing the living.
You are immune to poison.
You have sharp fingernails.
Your flesh is cold resistant. (rC+)
You are immune to negative energy. (rN+++)
You do not regenerate when monsters are visible.
You are immune to unholy pain and torment.


Message History

The kobold demonologist hits you with a +0 dagger.
The kobold closely misses you.
The kobold brigand hits you with a +0 short sword.
You scratch the kobold demonologist.
The kobold demonologist is severely wounded.
The sixfirhy barely misses you. The sixfirhy closely misses you. x2
You block the kobold's attack. The kobold demonologist misses you.
The quasit closely misses you. You block the quasit's attack.
The quasit barely misses you.
The kobold hits you with a +0 short sword.
You mangle the kobold demonologist!!
You kill the kobold demonologist!
Okawaru accepts your kill.
The white imp disappears in a puff of smoke!
The quasit disappears in a puff of smoke! x2
The sixfirhy disappears in a puff of smoke!
The kobold brigand closely misses you. You block the kobold's attack.
The kobold hits you with a +0 short sword.
The kobold hits you but does no damage.
Items here: $ ( ))) [[[ †.
You scratch the two-headed ogre but do no damage.
The two-headed ogre hits you with a +0 giant spiked club!
You block the two-headed ogre's attack. The kobold hits you but does no damage.
The kobold brigand hits you with a +0 short sword.
* * * LOW HITPOINT WARNING * * *
You scratch the two-headed ogre but do no damage.
You claw the two-headed ogre, but do no damage.
The kobold barely misses you. The kobold misses you.
The two-headed ogre barely misses you.
The two-headed ogre hits you with a +0 giant spiked club!
* * * LOW HITPOINT WARNING * * *
The kobold brigand hits you but does no damage.
You mangle the two-headed ogre!!
The two-headed ogre is heavily wounded.
The kobold barely misses you. The kobold closely misses you.
You claw the two-headed ogre!
The two-headed ogre is severely wounded.
The kobold brigand misses you.
The two-headed ogre hits you with a +0 giant spiked club!!
You die...

...........# #..........
...........#.#..........
...........#.#..........
...........#.#..........
...........#.#..........
...........#.#.........)
...........#.#..........
......KKK..+.#..........
......O@...#'#.##.......
....#####+#....##.......
... +....##....... .
#....##.......
####.##....... #.#
...... +.# #.. ##.


You could see a two-headed ogre, a kobold brigand and 2 kobolds.

Vanquished Creatures
  Harold (D:8)
  Erica (D:8)
  The ghost of Nanban the Covert, a novice OpDe of Kikubaaqudgha (D:6)
  Joseph (D:8)
  Maurice (D:8)
  6 kobold demonologists (D:10)
  The ghost of MisterFreud the Shield-Bearer, an amateur GnFi of Ru (D:6)
  Prince Ribbit (D:8)
  3 wyverns
  Eustachio (D:4)
  A wraith (D:9)
  Grum (D:8)
  12 yaks
  3 steam dragons
  Edmund (D:5)
  A water moccasin (D:7)
  A hornet zombie (D:9)
  3 orc warriors
  2 ice beasts (D:5)
  A sky beast (D:7)
  3 black bears
  3 wolves
  2 necrophages
  A centaur (D:6)
  4 kobold brigands
  3 bullfrogs
  A gnoll sergeant (D:8)
  An elf zombie (Ossuary)
  A wyvern zombie (D:6)
  A scorpion (D:5)
  A wyvern skeleton (D:7)
  A killer bee (D:8)
  4 wights (D:9)
  5 howler monkeys
  A centaur zombie (Ossuary)
  3 hounds
  2 human zombies (Ossuary)
  3 orc priests
  A centaur skeleton (D:6)
  3 jellies
  Jessica (D:3)
  Natasha (thrice) (D:3)
  8 iguanas
  6 orc wizards
  A hound skeleton (D:5)
  2 mummies (Ossuary)
  A howler monkey zombie (D:5)
  11 adders
  9 gnolls
  4 white imps
  An adder zombie (Ossuary)
  An adder skeleton (D:4)
  A worm (D:2)
  A dart slug (D:2)
  28 orcs
  5 ball pythons
  5 bats
  8 endoplasms
  4 giant cockroaches
  6 goblins
  4 hobgoblins
  5 quokkas
  9 frilled lizards
  16 hobgoblin zombies (Ossuary)
  2 jackal zombies (Ossuary)
  10 kobolds
  6 kobold zombies (Ossuary)
  6 orc zombies (Ossuary)
  A rat (D:3)
  2 rat zombies (Ossuary)
254 creatures vanquished.

Vanquished Creatures (others)
  A kobold demonologist (D:10)
  2 kobolds (D:10)
  4 plants (D:6)
  6 withered plants (D:6)
13 creatures vanquished.

Grand Total: 267 creatures vanquished

Notes
Turn   | Place    | Note
-------+----------+-------------------------------------------
     0 | D:1      | Borgoz the Ghoul Monk began the quest for the Orb.
     0 | D:1      | Reached XP level 1. HP: 19/19 MP: 0/0
   172 | D:1      | Reached XP level 2. HP: 19/26 MP: 1/1
   833 | D:2      | Reached XP level 3. HP: 9/31 MP: 2/2
  1262 | D:2      | Found a faded altar of an unknown god.
  2065 | D:3      | Reached XP level 4. HP: 40/40 MP: 3/3
  2103 | D:3      | Reached skill level 1 in Armour
  2269 | D:3      | Noticed Natasha
  2276 | D:3      | Killed Natasha
  2410 | D:3      | Reached skill level 4 in Fighting
  2505 | D:3      | Reached XP level 5. HP: 46/46 MP: 4/4
  2645 | D:3      | Found an opulent altar of Gozag.
  2684 | D:3      | Noticed Natasha
  2695 | D:3      | Killed Natasha
  3024 | D:3      | Noticed Jessica
  3025 | D:3      | Noticed a black bear
  3029 | D:3      | Killed Jessica
  3044 | D:3      | Killed a black bear
  3045 | D:3      | Reached XP level 6. HP: 35/53 MP: 5/5
  3207 | D:3      | Noticed Natasha
  3214 | D:3      | Killed Natasha
  3286 | D:4      | Noticed a black bear
  3294 | D:4      | Noticed a necrophage
  3300 | D:4      | Killed a black bear
  3323 | D:4      | Killed a necrophage
  3324 | D:4      | Reached XP level 7. HP: 12/60 MP: 6/6
  4192 | D:4      | Reached skill level 5 in Fighting
  4192 | D:4      | Reached skill level 5 in Unarmed Combat
  4274 | D:4      | Identified a scroll of acquirement
  4274 | D:4      | Acquired a manual of Fighting
  4349 | D:4      | Noticed Eustachio
  4368 | D:4      | Killed Eustachio
  4369 | D:4      | Reached skill level 5 in Stealth
  4675 | D:5      | Entered Level 5 of the Dungeon
  4748 | D:5      | Noticed Edmund
  4763 | D:5      | Killed Edmund
  4764 | D:5      | Reached XP level 8. HP: 20/70 MP: 7/7
  5056 | D:5      | Got the Grimoire of Fetching Stones
  5358 | D:5      | Reached skill level 6 in Fighting
  5762 | D:5      | Noticed a wyvern
  5776 | D:5      | Killed a wyvern
  6040 | D:6      | Found a transporter.
  6043 | D:6      | Noticed a kobold demonologist
  6043 | D:6      | Noticed a kobold demonologist
  6054 | D:6      | Found a transporter.
  6083 | D:6      | Found a staircase to the Ecumenical Temple.
  6126 | D:6      | Found a runed translucent gate.
  6127 | D:6      | Found a runed translucent gate.
  6128 | D:6      | Found a runed translucent gate.
  6129 | D:6      | Noticed MisterFreud's ghost (amateur GnFi)
  6130 | D:6      | Noticed Nanban's ghost (novice OpDe)
  6150 | D:6      | Found a sand-covered staircase.
  6153 | D:6      | Reached skill level 5 in Dodging
  6167 | Ossuary  | Entered an ossuary
  6593 | Ossuary  | Reached skill level 7 in Fighting
  7008 | D:6      | Reached XP level 9. HP: 79/79 MP: 8/8
  7712 | Temple   | Entered the Ecumenical Temple
  7727 | Temple   | Became a worshipper of Warmaster Okawaru
  7727 | Temple   | Reached * piety under Okawaru
  7727 | Temple   | Reached ** piety under Okawaru
  7800 | D:6      | Killed Nanban's ghost
  7801 | D:6      | Reached skill level 8 in Fighting
  7818 | D:6      | Killed MisterFreud's ghost
  7960 | D:6      | Acquired 1019 gold pieces
  8338 | D:5      | Reached skill level 5 in Armour
  8761 | D:7      | Reached skill level 9 in Fighting
  8898 | D:7      | Reached XP level 10. HP: 61/91 MP: 9/9
  8908 | D:7      | Reached *** piety under Okawaru
  9143 | D:7      | Found a snail-covered altar of Cheibriados.
  9359 | D:7      | Reached skill level 10 in Fighting
  9632 | D:7      | Reached skill level 1 in Invocations
 10155 | D:8      | Noticed Grum
 10183 | D:7      | Reached **** piety under Okawaru
 10447 | D:8      | Killed Grum
 10640 | D:8      | Noticed Erica
 10652 | D:8      | Killed Erica
 10696 | D:8      | Found a shimmering altar of Xom.
 10731 | D:8      | Found a shimmering blue altar of Sif Muna.
 10931 | D:8      | Noticed Harold
 10944 | D:8      | Killed Harold
 10944 | D:8      | Reached ***** piety under Okawaru
 10945 | D:8      | Reached skill level 11 in Fighting
 10945 | D:8      | Reached XP level 11. HP: 46/102 MP: 10/12
 11147 | D:8      | Found Barenkuc's Changing Room.
 11279 | D:8      | Noticed Joseph
 11292 | D:8      | Killed Joseph
 11413 | D:8      | Found a stormy altar of Qazlal.
 11413 | D:8      | Noticed Prince Ribbit
 11420 | D:8      | Killed Prince Ribbit
 11465 | D:8      | Noticed Maurice
 11481 | D:8      | Killed Maurice
 11594 | D:8      | Found a burning altar of Makhleb.
 11594 | D:8      | Noticed a green death
 11716 | D:9      | Found a shadowy altar of Dithmenos.
 12229 | D:9      | Found a staircase to the Lair.
 12851 | D:10     | Entered Level 10 of the Dungeon
 13163 | D:10     | Reached skill level 12 in Fighting
 13167 | D:10     | Received a gift from Okawaru
 13168 | D:10     | Reached skill level 5 in Invocations
 13294 | D:10     | Noticed a sixfirhy
 13295 | D:10     | Noticed a two-headed ogre
 13308 | D:10     | Mangled by a two-headed ogre

Illustrated notes

Levels and vault maps discovered:
D:1:      tarquinn_simple_flora_water_d, layout_basic
D:2:      layout_loops_ring, hellmonk_ecumenical_altar_leap_of_faith,
          grunt_ministairs_9, st_stairs_14
D:3:      kb_forest_paths, layout_basic, mainiacjoe_overflow_small_starburst,
          hangedman_decor_riveting, amcnicky_mini_pool_small,
          hangedman_feature_mirror, uniq_natasha, uniq_jessica
D:4:      layout_loops_ring, uniq_eustachio
D:5:      layout_basic, uniq_edmund
D:6:      gammafunk_wand_slinger, layout_basic, lemuel_temple_firewalk_a,
          gammafunk_ghost_cemetery, nicolae_ossuary_entry_monument,
          minmay_lizard_king
D:7:      layout_rooms, marbit_many_paths
D:8:      layout_rooms, makhleb_altar_promises_db,
          nicolae_qazlal_general_emergency, mainiacjoe_overflow_catwalk_spiral,
          nicolae_transmutations_shop, st_stairs_8, uniq_maurice, uniq_erica,
          uniq_harold, uniq_joseph, uniq_grum, uniq_prince_ribbit1
D:9:      layout_basic, grunt_dithmenos_smoke_and_mirrors, lair_entry_dummy
D:10:     layout_stronghold, orc_0_dummy
Temple:   nicolae_temple_no_exploring_needed

Skill      XL: |  1  2  3  4  5  6  7  8  9 10 11 |
---------------+----------------------------------+-----
Dodging        | 3 4 5 6 7 8 |  8.1
Stealth        | 3 4 5 6 7 8 |  8.1
Armour         | 1 2 3 4 5 6 7 |  7.3
Fighting       | 4 5 7 9 11 12 | 12.3
Unarmed Combat | 4 5 6 7 8 9 |  9.6
Invocations    | 3 5 |  5.4

Action                   |  1- 3 |  4- 6 |  7- 9 | 10-12 || total
-------------------------+-------+-------+-------+-------++-------
Melee: Unarmed           |   110 |   105 |   436 |   347 ||   998
       Punch             |       |       |    14 |    17 ||    31
Invok: Heroism           |       |       |       |    11 ||    11
  Use: Scroll            |       |     4 |    12 |     8 ||    24
       Potion            |       |     1 |     9 |       ||    10
 Stab: Sleeping          |     4 |       |     9 |    11 ||    24
Armor: Robe              |     1 |       |       |       ||     1
       Ring mail         |    24 |    38 |    92 |    17 ||   171
       Steam dragon scal |       |       |       |    64 ||    64
Dodge: Dodged            |    54 |    57 |   232 |   227 ||   570
Block: Other             |       |       |       |    26 ||    26
